 Dungeon Crawl Stone Soup version 0.31-a0-175-g9f7f995f2b (webtiles) character file.

Game seed: 6803454386408052961

1334 qw the Skirmisher (level 8, -7/73 HPs)
             Began as a Naga Hunter on June 16, 2023.
             Was a Follower of Okawaru.
             Mangled by Joseph
             ... wielding a +3 quarterstaff of distortion
              (14 damage)
             ... on level 7 of the Dungeon.
             The game lasted 00:02:07 (5239 turns).

qw the Skirmisher (Naga Hunter)                     Turns: 5239, Time: 00:02:08

Health: -7/73      AC: 13    Str: 13    XL:     8   Next: 61%
Magic:  18/19      EV: 13    Int:  9    God:    Okawaru [*.....]
Gold:   276        SH:  0    Dex: 18    Spells: 7/7 levels left

rFire   . . .        p - +0 orcbow
rCold   . . .        (shield currently unavailable)
rNeg    + . .        l - +3 leather armour
rPois   +            a - +0 helmet
rElec   .            d - +1 cloak of Aginwut {+Blink MP+9}
rCorr   .            f - +1 pair of gloves
SInv    +            (no barding)
Will    +....        m - amulet of faith
Stlth   +++          k - ring of positive energy
HPRegen 0.32/turn    (no ring)
MPRegen 0.16/turn

%: faith
@: about to teleport, heroic, very slow
A: AC +2, large, see invisible, deformed body, poison resistance, slowness 2,
spit poison 1, naga tail 1
a: Spit Poison, Renounce Religion, Evoke Blink, Heroism


You were on level 7 of the Dungeon.
You worshipped Okawaru.
Okawaru was aware of your devotion.
You visited 2 branches of the dungeon, and saw 8 of its levels.

You collected 324 gold pieces.
You spent 48 gold pieces at shops.


Innate Abilities, Weirdness & Mutations

Your serpentine skin is tough. (AC +2)
You have supernaturally acute eyesight. (SInv)
Armour fits poorly on your strangely shaped body.
Your system is resistant to poisons. (rPois)
You cover ground very slowly.
You can spit poison.
You have a snake-like lower body.


   Skills:
 + Level 4.9(9.9) Fighting
 - Level 8.1(13.1) Ranged Weapons
 - Level 1.6(6.6) Armour
 - Level 2.2(7.2) Dodging
 - Level 1.5(6.5) Stealth
 + Level 3.4 Invocations


You had 7 spell levels left.
You didn't know any spells.
Your spell library was empty.

Inventory:

Hand Weapons
 p - a +0 orcbow (weapon)
Armour
 a - a +0 helmet (worn)
 d - the +1 cloak of Aginwut (worn) {+Blink MP+9}
   (You found it on level 5 of the Dungeon)

   MP:        It affects your magic capacity (+9).
   +Blink:    It lets you blink.
 f - a +1 pair of gloves (worn)
 l - a +3 leather armour (worn)
Jewellery
 k - a ring of positive energy (left hand)
 m - an amulet of faith (around neck)
Scrolls
 e - a scroll of identify
Potions
 g - 5 potions of curing
 h - 3 potions of mutation
 i - 2 potions of might
 n - a potion of haste

Dungeon Overview and Level Annotations

Branches:
Dungeon (7/15)             Temple (1/1) D:4

Altars:
Ashenzari
Cheibriados
Dithmenos
Elyvilon
Fedhas
Hepliaklqana
Makhleb
Nemelex Xobeh
Okawaru
Qazlal
Ru
Sif Muna
Trog
Uskayaw
Vehumet
Xom
Yredelemnul
Zin
The Shining One

Shops:
D:2 ?(*[(   D:4 (   D:5 :

Annotations:
D:7 Joseph


Message History

Joseph wields a +3 quarterstaff of distortion.
Its appearance distorts for a moment.
Joseph hits you with a +3 quarterstaff of distortion!
Space warps horribly around you!
5233 ||| INVOKING Spit Poison.
Aiming: Spit Poison (1% risk of failure)
Press: ? - help, Shift-Dir - straight line, f/p - Joseph The splash of poison hits Joseph.
Joseph is moderately wounded.
The orc hits you but does no damage.
Joseph hits you with a +3 quarterstaff of distortion.
Space warps around you.
You shoot an arrow. The arrow hits Joseph!
Joseph is severely wounded.
The orc barely misses you.
Joseph hits you with a +3 quarterstaff of distortion!
Space warps around you.
5235 ||| READING scroll of teleportation.
As you read the scroll of teleportation, it crumbles to dust.
You feel strangely unstable. The orc hits you with a +0 hand axe.
Joseph hits you with a +3 quarterstaff of distortion!
You shoot an arrow.
The arrow hits Joseph but does no damage.
Joseph is severely wounded.
The orc misses you. Joseph completely misses you.
You shoot an arrow. The arrow hits Joseph.
Joseph is severely wounded.
The orc hits you but does no damage.
You shoot an arrow. The arrow closely misses Joseph.
The arrow hits the orc but does no damage.
The orc is lightly wounded.
Joseph closely misses you. The orc barely misses you.
You shoot an arrow.
The arrow hits Joseph but does no damage.
Joseph is severely wounded.
You have got your breath back.
Joseph says, "I've waited for this moment for such a long time."
Joseph hits you with a +3 quarterstaff of distortion!
You die...

. .. ... ~~ .... ....
~~###+#... ....#
#~~......###+#####.....#
#~~~.....#......@@o.....
#~~.....#......o#......
#~~.....#.......# .....
##~~.....#.......# ....
#~~~..<..#.......# ..#
#~~....<.#.......# ..
~~.......##'###..# .
~~....####....####
~.....'........#


You could see Joseph (resistant) and 2 orcs.

Vanquished Creatures
  Sigmund (D:4)
  Eustachio (D:6)
  A steam dragon (D:6)
  A centaur (D:5)
  An ogre (D:6)
  A phantom (D:5)
  A howler monkey (D:6)
  5 hounds
  A gnoll bouda (D:5)
  An iguana (D:6)
  2 sleepcaps
  3 orc wizards
  11 adders
  6 gnolls
  2 white imps (D:5)
  An ufetubus (D:4)
  2 worms
  2 dart slugs
  16 orcs
  8 ball pythons
  7 bats
  4 endoplasms
  4 giant cockroaches
  11 goblins
  2 hobgoblins
  7 jackals
  7 kobolds
  4 quokkas
  4 frilled lizards
  5 rats
122 creatures vanquished.

Vanquished Creatures (others)
  An orc wizard (D:7)
1 creature vanquished.

Grand Total: 123 creatures vanquished

Notes
Turn   | Place    | Note
-------+----------+-------------------------------------------
     0 | D:1      | qw the Naga Hunter began the quest for the Orb.
     0 | D:1      | Reached XP level 1. HP: 19/19 MP: 1/1
     0 | D:1      | 0 ||| qw: Version: 0.2-a-29-g511e9b1
     0 | D:1      | 0 ||| qw: Game counter: 5747
     0 | D:1      | 0 ||| qw: Always use a shield: true
     0 | D:1      | 0 ||| qw: God list: Okawaru
     0 | D:1      | 0 ||| qw: Allow faded altars: false
     0 | D:1      | 0 ||| qw: Do Orc after D:15 true
     0 | D:1      | 0 ||| qw: Do second Lair branch before Depths: true
     0 | D:1      | 0 ||| qw: Lair rune preference: random
     0 | D:1      | 0 ||| qw: Plans: Normal
     0 | D:1      | 0 ||| PLANNING D:1-11
    22 | D:1      | 22 ||| INVOKING Spit Poison.
    45 | D:1      | 45 ||| INVOKING Spit Poison.
   142 | D:1      | 142 ||| INVOKING Spit Poison.
   148 | D:1      | 148 ||| INVOKING Spit Poison.
   153 | D:1      | Reached skill level 4 in Ranged Weapons
   153 | D:1      | Reached XP level 2. HP: 18/26 MP: 2/2
   153 | D:1      | 153 ||| INVOKING Spit Poison.
   156 | D:1      | 156 ||| INVOKING Spit Poison.
   157 | D:1      | HP: 6/26 [kobold/+0 club (4)]
   164 | D:1      | 164 ||| INVOKING Spit Poison.
   168 | D:1      | 168 ||| INVOKING Spit Poison.
   171 | D:1      | HP: 5/26 [jackal (2)]
   172 | D:1      | 172 ||| INVOKING Spit Poison.
   175 | D:1      | 175 ||| INVOKING Spit Poison.
   176 | D:1      | HP: 2/26 [jackal (1)]
   346 | D:1      | 346 ||| INVOKING Spit Poison.
   377 | D:1      | 377 ||| INVOKING Spit Poison.
   383 | D:1      | 383 ||| INVOKING Spit Poison.
   392 | D:1      | 392 ||| INVOKING Spit Poison.
   406 | D:1      | 406 ||| INVOKING Spit Poison.
   411 | D:1      | 411 ||| INVOKING Spit Poison.
   429 | D:1      | 429 ||| INVOKING Spit Poison.
   433 | D:1      | Reached XP level 3. HP: 32/32 MP: 3/3
   459 | D:1      | 459 ||| INVOKING Spit Poison.
   472 | D:1      | 472 ||| INVOKING Spit Poison.
   508 | D:1      | 508 ||| INVOKING Spit Poison.
   566 | D:1      | 566 ||| INVOKING Spit Poison.
   709 | D:1      | 709 ||| INVOKING Spit Poison.
   854 | D:1      | 854 ||| UPGRADING to +0 pair of gloves.
   859 | D:1      | 859 ||| READING 2 scrolls labelled LAESIE TEENEIM.
   860 | D:1      | 860 ||| READING scroll of enchant armour.
   860 | D:1      | 860 ||| ENCHANTING +0 pair of gloves.
   861 | D:1      | 861 ||| READING 3 scrolls labelled FOYXUC OKKEH.
   862 | D:1      | 862 ||| READING scroll labelled WUSU OCHIUV.
   863 | D:1      | 863 ||| DRINKING 2 viscous dark potions.
   864 | D:1      | 864 ||| DROPPING scroll of butterflies.
   904 | D:2      | 904 ||| INVOKING Spit Poison.
   912 | D:2      | Found Retal's Assorted Antiques.
   923 | D:2      | 923 ||| BUYING scroll labelled GELUIQ TEFENODAU (26 gold).
   923 | D:2      | Bought a scroll labelled GELUIQ TEFENODAU for 26 gold
                  | pieces
   923 | D:2      | 923 ||| SHOPLISTING scroll labelled GELUIQ TEFENODAU (26
                  | gold, have 20).
   923 | D:2      | 923 ||| SHOPLISTING scroll labelled KUPPUDGH DENU (26 gold,
                  | have 20).
   923 | D:2      | 923 ||| SHOPLISTING scroll labelled OWNOIS REEMEYS (26
                  | gold, have 20).
   923 | D:2      | 923 ||| SHOPLISTING scroll of enchant armour (195 gold,
                  | have 20).
   923 | D:2      | 923 ||| SHOPLISTING viscous grey potion (23 gold, have 20).
   929 | D:2      | 929 ||| INVOKING Spit Poison.
   934 | D:2      | 934 ||| INVOKING Spit Poison.
   955 | D:2      | Found Tiwin's Antique Weapon Boutique.
   961 | D:2      | 961 ||| INVOKING Spit Poison.
   962 | D:2      | 962 ||| UPGRADING to +0 helmet.
   979 | D:2      | 979 ||| INVOKING Spit Poison.
  1015 | D:2      | 1015 ||| INVOKING Spit Poison.
  1020 | D:2      | 1020 ||| INVOKING Spit Poison.
  1048 | D:2      | 1048 ||| INVOKING Spit Poison.
  1133 | D:2      | Found Nehe's Magic Scroll Emporium.
  1141 | D:2      | 1141 ||| BUYING scroll of identify (22 gold).
  1141 | D:2      | Bought a scroll of identify for 22 gold pieces
  1141 | D:2      | 1141 ||| SHOPLISTING scroll of teleportation (33 gold, have
                  | 28).
  1239 | D:2      | Found Zouhitish's Armour Shoppe.
  1242 | D:2      | 1242 ||| INVOKING Spit Poison.
  1243 | D:2      | Reached skill level 5 in Ranged Weapons
  1243 | D:2      | Reached XP level 4. HP: 39/39 MP: 4/4
  1247 | D:2      | 1247 ||| INVOKING Spit Poison.
  1257 | D:2      | 1257 ||| SHOPLISTING +0 helmet of Supple Strength {-Cast
                  | rF+ Str+7} (366 gold, have 28).
  1308 | D:2      | 1308 ||| INVOKING Spit Poison.
  1324 | D:2      | Found Nuesurapp's Antique Weapon Emporium.
  1422 | D:2      | 1422 ||| READING 2 scrolls labelled GELUIQ TEFENODAU.
  1423 | D:2      | 1423 ||| READING scroll labelled JAAMU YTUI.
  1424 | D:2      | 1424 ||| READING scroll labelled OWNOIS REEMEYS.
  1429 | D:2      | 1429 ||| READING 4 scrolls of identify.
  1429 | D:2      | 1429 ||| IDENTIFYING ruby potion
  1430 | D:2      | 1430 ||| READING 3 scrolls of identify.
  1430 | D:2      | 1430 ||| IDENTIFYING coppery potion
  1431 | D:2      | 1431 ||| READING 2 scrolls of identify.
  1431 | D:2      | 1431 ||| IDENTIFYING sedimented white potion
  1432 | D:2      | 1432 ||| DROPPING scroll of vulnerability.
  1433 | D:2      | 1433 ||| DROPPING potion of brilliance.
  1448 | D:3      | 1448 ||| INVOKING Spit Poison.
  1486 | D:3      | 1486 ||| INVOKING Spit Poison.
  1532 | D:3      | 1532 ||| INVOKING Spit Poison.
  1538 | D:3      | 1538 ||| INVOKING Spit Poison.
  1546 | D:3      | 1546 ||| INVOKING Spit Poison.
  1569 | D:3      | 1569 ||| INVOKING Spit Poison.
  1590 | D:3      | 1590 ||| INVOKING Spit Poison.
  1599 | D:3      | 1599 ||| INVOKING Spit Poison.
  1604 | D:3      | 1604 ||| INVOKING Spit Poison.
  1671 | D:3      | 1671 ||| INVOKING Spit Poison.
  1699 | D:3      | 1699 ||| INVOKING Spit Poison.
  1778 | D:3      | 1778 ||| INVOKING Spit Poison.
  1981 | D:3      | 1981 ||| UPGRADING to amulet of faith.
  1986 | D:3      | 1986 ||| UPGRADING to ring of positive energy.
  1987 | D:3      | 1987 ||| READING 3 scrolls labelled XUISHR SIFFOAQI.
  2052 | D:3      | 2052 ||| READING scroll labelled ITURYM RUISEGY.
  2053 | D:3      | 2053 ||| READING scroll labelled PUADUS QUFEBOI.
  2054 | D:3      | 2054 ||| DRINKING 2 viscous grey potions.
  2055 | D:3      | 2055 ||| READING 2 scrolls of identify.
  2055 | D:3      | 2055 ||| IDENTIFYING metallic brown potion
  2056 | D:3      | 2056 ||| DROPPING 2 scrolls of torment.
  2057 | D:3      | 2057 ||| DROPPING potion of degeneration.
  2083 | D:4      | Found Nefois's Weapon Shoppe.
  2127 | D:4      | 2127 ||| INVOKING Spit Poison.
  2129 | D:4      | Reached skill level 3 in Fighting
  2141 | D:4      | 2141 ||| INVOKING Spit Poison.
  2145 | D:4      | 2145 ||| INVOKING Spit Poison.
  2166 | D:4      | 2166 ||| INVOKING Spit Poison.
  2169 | D:4      | Reached XP level 5. HP: 49/49 MP: 5/5
  2169 | D:4      | 2169 ||| INVOKING Spit Poison.
  2172 | D:4      | 2172 ||| INVOKING Spit Poison.
  2178 | D:4      | 2178 ||| INVOKING Spit Poison.
  2181 | D:4      | 2181 ||| FLEEEEING.
  2182 | D:4      | 2182 ||| FLEEEEING.
  2183 | D:4      | 2183 ||| FLEEEEING.
  2184 | D:4      | 2184 ||| FLEEEEING.
  2187 | D:4      | 2187 ||| FLEEEEING.
  2188 | D:4      | 2188 ||| FLEEEEING.
  2200 | D:4      | 2200 ||| INVOKING Spit Poison.
  2230 | D:4      | 2230 ||| INVOKING Spit Poison.
  2233 | D:4      | 2233 ||| INVOKING Spit Poison.
  2237 | D:4      | 2237 ||| INVOKING Spit Poison.
  2241 | D:4      | 2241 ||| INVOKING Spit Poison.
  2244 | D:4      | HP: 10/49 [gnoll/+0 spear (4)]
  2245 | D:4      | 2245 ||| DRINKING 2 potions of heal wounds.
  2333 | D:4      | Noticed Sigmund
  2336 | D:4      | 2336 ||| INVOKING Spit Poison.
  2341 | D:4      | 2341 ||| INVOKING Spit Poison.
  2346 | D:4      | Killed Sigmund
  2347 | D:4      | Reached skill level 6 in Ranged Weapons
  2347 | D:4      | Reached XP level 6. HP: 46/56 MP: 6/6
  2572 | D:4      | 2572 ||| INVOKING Spit Poison.
  2575 | D:4      | 2575 ||| INVOKING Spit Poison.
  2594 | D:4      | 2594 ||| INVOKING Spit Poison.
  2606 | D:4      | 2606 ||| INVOKING Spit Poison.
  2610 | D:4      | 2610 ||| INVOKING Spit Poison.
  2617 | D:4      | 2617 ||| INVOKING Spit Poison.
  2648 | D:4      | Found a staircase to the Ecumenical Temple.
  2649 | D:4      | 2649 ||| PLANNING TEMPLE
  2649 | D:4      | 2649 ||| UPGRADING to +0 robe of willpower.
  2659 | D:4      | 2659 ||| DROPPING +0 leather armour.
  2660 | D:4      | 2660 ||| UPGRADING to +3 leather armour.
  2670 | D:4      | 2670 ||| DROPPING +0 robe of willpower.
  2671 | D:4      | 2671 ||| READING 2 scrolls of identify.
  2671 | D:4      | 2671 ||| IDENTIFYING brown potion
  2672 | D:4      | 2672 ||| DROPPING potion of attraction.
  2681 | Temple   | Entered the Ecumenical Temple
  2707 | Temple   | 2707 ||| PLANNING OKAWARU WORSHIP
  2885 | Temple   | Became a worshipper of Warmaster Okawaru
  2886 | Temple   | 2886 ||| PLANNING D:1-11
  2931 | D:4      | 2931 ||| INVOKING Spit Poison.
  3011 | D:4      | 3011 ||| INVOKING Spit Poison.
  3015 | D:4      | 3015 ||| INVOKING Spit Poison.
  3265 | D:5      | Entered Level 5 of the Dungeon
  3272 | D:5      | 3272 ||| INVOKING Spit Poison.
  3324 | D:5      | 3324 ||| INVOKING Spit Poison.
  3427 | D:5      | 3427 ||| INVOKING Spit Poison.
  3433 | D:5      | 3433 ||| INVOKING Spit Poison.
  3437 | D:5      | 3437 ||| Stepping ~*~*~tactically~*~*~ (outnumbered).
  3447 | D:5      | 3447 ||| INVOKING Spit Poison.
  3451 | D:5      | 3451 ||| INVOKING Spit Poison.
  3456 | D:5      | 3456 ||| INVOKING Spit Poison.
  3459 | D:5      | 3459 ||| INVOKING Spit Poison.
  3601 | D:5      | 3601 ||| INVOKING Spit Poison.
  3604 | D:5      | 3604 ||| INVOKING Spit Poison.
  3605 | D:5      | Reached XP level 7. HP: 64/64 MP: 7/7
  3624 | D:5      | 3624 ||| INVOKING Spit Poison.
  3627 | D:5      | 3627 ||| Stepping ~*~*~tactically~*~*~ (outnumbered).
  3628 | D:5      | 3628 ||| INVOKING Spit Poison.
  3635 | D:5      | 3635 ||| INVOKING Spit Poison.
  3637 | D:5      | HP: 14/64 [gnoll/+0 spear[a gnoll bouda] (4)]
  3638 | D:5      | 3638 ||| READING 2 scrolls of teleportation.
  3639 | D:5      | 3639 ||| DRINKING potion of heal wounds.
  3641 | D:5      | 3641 ||| INVOKING Spit Poison.
  3720 | D:5      | 3720 ||| INVOKING Spit Poison.
  3846 | D:5      | 3846 ||| INVOKING Spit Poison.
  3852 | D:5      | 3852 ||| INVOKING Spit Poison.
  3855 | D:5      | 3855 ||| INVOKING Spit Poison.
  3858 | D:5      | 3858 ||| INVOKING Spit Poison.
  3861 | D:5      | 3861 ||| INVOKING Spit Poison.
  3863 | D:5      | Reached skill level 7 in Ranged Weapons
  3955 | D:5      | 3955 ||| INVOKING Spit Poison.
  3965 | D:5      | Found Taesm's Tremendous Tomes.
  3969 | D:5      | Identified the +1 cloak of Aginwut {+Blink MP+9}
  4037 | D:5      | 4037 ||| INVOKING Spit Poison.
  4041 | D:5      | 4041 ||| INVOKING Spit Poison.
  4045 | D:5      | Reached skill level 1 in Armour
  4178 | D:5      | 4178 ||| INVOKING Spit Poison.
  4182 | D:5      | 4182 ||| INVOKING Spit Poison.
  4183 | D:5      | 4183 ||| UPGRADING to +0 orcbow.
  4184 | D:5      | 4184 ||| DROPPING +0 shortbow.
  4207 | D:5      | 4207 ||| UPGRADING to +1 cloak of Aginwut {+Blink MP+9}.
  4272 | D:5      | 4272 ||| DROPPING ring of wizardry.
  4299 | D:6      | 4299 ||| INVOKING Spit Poison.
  4310 | D:6      | 4310 ||| INVOKING Spit Poison.
  4315 | D:6      | 4315 ||| INVOKING Spit Poison.
  4344 | D:6      | Reached * piety under Okawaru
  4384 | D:6      | 4384 ||| INVOKING Spit Poison.
  4390 | D:6      | 4390 ||| INVOKING Spit Poison.
  4408 | D:6      | Noticed Eustachio
  4409 | D:6      | 4409 ||| INVOKING Heroism.
  4412 | D:6      | 4412 ||| INVOKING Spit Poison.
  4418 | D:6      | 4418 ||| INVOKING Spit Poison.
  4420 | D:6      | Killed Eustachio
  4421 | D:6      | Reached XP level 8. HP: 72/72 MP: 8/8
  4482 | D:6      | 4482 ||| INVOKING Heroism.
  4485 | D:6      | 4485 ||| INVOKING Spit Poison.
  4492 | D:6      | 4492 ||| INVOKING Spit Poison.
  4494 | D:6      | Reached skill level 8 in Ranged Weapons
  4630 | D:6      | 4630 ||| INVOKING Spit Poison.
  4729 | D:6      | 4729 ||| INVOKING Heroism.
  4730 | D:6      | 4730 ||| INVOKING Spit Poison.
  4828 | D:6      | 4828 ||| INVOKING Spit Poison.
  4852 | D:6      | 4852 ||| INVOKING Spit Poison.
  4858 | D:6      | 4858 ||| INVOKING Spit Poison.
  4863 | D:6      | 4863 ||| INVOKING Spit Poison.
  4867 | D:6      | Reached skill level 3 in Invocations
  5122 | D:6      | 5122 ||| DROPPING +6 ring of intelligence.
  5123 | D:6      | 5123 ||| DRINKING 2 inky potions.
  5124 | D:6      | 5124 ||| READING 3 scrolls of identify.
  5124 | D:6      | 5124 ||| IDENTIFYING metallic yellow potion
  5125 | D:6      | 5125 ||| READING 2 scrolls of identify.
  5125 | D:6      | 5125 ||| IDENTIFYING bubbling white potion
  5126 | D:6      | 5126 ||| DROPPING potion of ambrosia.
  5127 | D:6      | 5127 ||| DROPPING potion of lignification.
  5208 | D:7      | 5208 ||| INVOKING Spit Poison.
  5211 | D:7      | 5211 ||| INVOKING Spit Poison.
  5214 | D:7      | 5214 ||| INVOKING Spit Poison.
  5219 | D:7      | Noticed Joseph
  5221 | D:7      | 5221 ||| INVOKING Spit Poison.
  5227 | D:7      | 5227 ||| INVOKING Spit Poison.
  5231 | D:7      | 5231 ||| INVOKING Heroism.
  5233 | D:7      | 5233 ||| INVOKING Spit Poison.
  5234 | D:7      | HP: 17/73 [Joseph/+3 quarterstaff of distortion (7)]
  5235 | D:7      | 5235 ||| READING scroll of teleportation.
  5235 | D:7      | HP: 6/73 [Joseph/+3 quarterstaff of distortion (9)]
  5239 | D:7      | Mangled by Joseph

Levels and vault maps discovered:
D:1:      lemuel_arrival_river_ford, layout_loops_ring
D:2:      layout_basic, serial_shops, shop, nicolae_shop_trees,
          nicolae_shop_statue_plus, nicolae_shop_tiny_statue_garden, shop
D:3:      layout_loops_ring, minmay_misc_feat_doors
D:4:      layout_basic, temple_hall, serial_shops, shop, uniq_sigmund
D:5:      layout_cave_pools, minivault_27, nicolae_shop_i_like_big_books,
          kennysheep_cluttered_room
D:6:      layout_basic, uniq_eustachio
D:7:      layout_gridville, worms_lemuel, uniq_joseph, uniq_duvessa
Temple:   nicolae_temple_bog_church

Skill      XL: |  1  2  3  4  5  6  7  8 |
---------------+-------------------------+-----
Ranged Weapons | 4 5 6 7 8 |  8.1
Fighting       | 3 4 |  4.9
Dodging        | 2 |  2.2
Armour         | 1 |  1.6
Invocations    | 3 |  3.4
Stealth        | |  1.5

Action                     |  1- 3 |  4- 6 |  7- 9 || total
---------------------------+-------+-------+-------++-------
   Fire: Shortbow          |    67 |   126 |    57 ||   250
         Orcbow            |       |       |    85 ||    85
 Invoke: Heroism           |       |       |     4 ||     4
Ability: Spit Poison       |    31 |    47 |    36 ||   114
    Use: Scroll            |     4 |    11 |     4 ||    19
         Potion            |     1 |     2 |     2 ||     5
 Armour: Leather armour    |    13 |    36 |    56 ||   105
  Dodge: Dodged            |    14 |    42 |    89 ||   145

Table legend:
 A = Non-vault XP
 B = Vault XP
 C = Vault XP percentage of total XP
 D = Non-vault monster count
 E = Vault monster count
 F = Vault count percentage of total count
                 A         B        C        D         E       F
            +---------+---------+-------+---------+---------+-------
      Total |    1489 |     417 |  21.9 |     121 |       2 |   1.6
            +---------+---------+-------+---------+---------+-------
        D:1 |      48 |       0 |   0.0 |      30 |       0 |   0.0
        D:2 |      41 |       0 |   0.0 |      15 |       0 |   0.0
        D:3 |      51 |       0 |   0.0 |      14 |       0 |   0.0
        D:4 |     160 |     214 |  57.2 |      20 |       1 |   4.8
        D:5 |     497 |       0 |   0.0 |      23 |       0 |   0.0
        D:6 |     568 |     203 |  26.3 |      11 |       1 |   8.3
        D:7 |     124 |       0 |   0.0 |       8 |       0 |   0.0
            +---------+---------+-------+---------+---------+-------
